 Dungeon Crawl Stone Soup version 0.19.3-1-g3169bf9 (console) character file.

130 Grinner the Cudgeler (level 5, -1/81 HPs)
             Began as an Ogre Fighter on Jan 27, 2017.
             Killed by divine providence
             ... invoked by an orc priest
              (12 damage)
             ... on level 3 of the Dungeon.
             The game lasted 00:06:04 (2831 turns).

Grinner the Cudgeler (Ogre Fighter)                 Turns: 2831, Time: 00:06:04

Health: -1/81      AC: 22    Str: 27    XL:     5   Next: 13%
Magic:  5/5        EV:  1    Int:  7    God:
Gold:   120        SH:  0    Dex:  9    Spells: 1 memorised, 3 levels left

rFire  . . .     SeeInvis .     a - +0 mace
rCold  . . .     Gourm    .     (armour currently unavailable)
rNeg   + + +     Faith    .     (no shield)
rPois  +         Spirit   .     (helmet currently unavailable)
rElec  .         Reflect  .     (cloak currently unavailable)
rCorr  .         Harm     .     (gloves unavailable)
MR     .....     NoTele   +     (boots unavailable)
Stlth  +.........               (no amulet)
                                (no ring)
                                (no ring)

@: mighty, tree-form
A: unfitting armour, (tough skin 0)
a: no special abilities


You were on level 3 of the Dungeon.
You were not hungry.
You were a tree.
You visited 1 branch of the dungeon, and saw 3 of its levels.

You collected 120 gold pieces.

Inventory:

Hand Weapons
 a - a +0 mace (weapon)
 q - a +0 flail
Armour
 b - a +0 robe (melded)
Scrolls
 c - 3 scrolls of identify {unknown}
 g - 2 scrolls of magic mapping {unknown}
 h - 2 scrolls of teleportation {unknown}
 i - a scroll of enchant armour {unknown}
 l - 2 scrolls of blinking {unknown}
 s - a scroll of fear {unknown}
Potions
 j - a potion of resistance {unknown}
 p - a potion of degeneration {unknown}
Books
 r - a book of Callings

   Spells                             Type                      Level
   a - Summon Small Mammal            Summoning                    1
   b - Call Imp                       Summoning                    2
   c - Call Canine Familiar           Summoning                    3
   d - Summon Guardian Golem          Hexes/Summoning              3
   e - Summon Lightning Spire         Summoning/Air                4
   f - Summon Ice Beast               Ice/Summoning                4
 v - a book of Maledictions

   Spells                             Type                      Level
   a - Corona                         Hexes                        1
   b - Ensorcelled Hibernation        Hexes/Ice                    2
   c - Confuse                        Hexes                        3
   d - Tukima's Dance                 Hexes                        3
   e - Dazzling Spray                 Conjuration/Hexes            3
Comestibles
 f - 3 bread rations
 k - a slice of pizza
 m - 2 meat rations
 o - 3 fruits
 t - a beef jerky
 u - 3 chunks of flesh


   Skills:
 - Level 4.0 Fighting
 * Level 5.9 Maces & Flails
 + Level 0.0 Throwing
 * Level 3.4 Dodging
   Level 2.6 Shields
 + Level 0.2 Spellcasting
 + Level 0.0 Hexes


You had 3 spell levels left.
You knew the following spells:

 Your Spells              Type           Power        Failure   Level  Hunger
z - Corona                Hex            #......      47%         1    ##.....


Dungeon Overview and Level Annotations

Branches:
Dungeon (3/15)

Altars:
Fedhas
Sif Muna
Uskayaw


Innate Abilities, Weirdness & Mutations

You are too large for most types of armour.
((You have tough skin. (AC +1)))


Message History

The orc is severely wounded.
The orc hits you from afar with a trident.
The orc priest calls down the wrath of Beogh upon you.
Beogh smites you!
* * * LOW HITPOINT WARNING * * *
You sock the orc!
You kill the orc!
The orc closely misses you.
You sock the goblin!
You kill the goblin!
The orc barely misses you.
It was a potion of lignification.
You turn into a tree.
Your +0 robe melds into your body.
Your roots penetrate the ground.
The orc hits you but does no damage.
You closely miss the orc priest. The orc priest barely misses you.
The orc hits you but does no damage.
You closely miss the orc priest.
The orc priest invokes the aid of Beogh against you.
Beogh smites you!
You die...

#####)...............##
#................#
####................#
#...................##
#.##.......####...(...
#.#.##.#..#######......<
........................
##...###.###.#####..##...
....... #♣# #.# #..#####
.......###o###.#####......<
.........oo###.............
.......###g###.............
....... #o# #..†..........
.......###.###.............
.......g...................
.......o#.....######.......
....o...#.....# #.......


You could see 2 orc priests, 2 orcs and a goblin.

Vanquished Creatures
  A gnoll (D:1)
  4 adders
  A shadow imp (D:3)
  2 worms (D:2)
  A dart slug (D:3)
  3 leopard geckos
  3 orcs (D:3)
  A ball python (D:2)
  4 giant cockroaches
  7 hobgoblins
  6 jackals (D:1)
  A quokka (D:2)
  10 bats
  4 frilled lizards
  4 goblins
  5 kobolds
  6 rats
63 creatures vanquished.

Notes
Turn   | Place    | Note
-------+----------+-------------------------------------------
     0 | D:1      | Grinner the Ogre Fighter began the quest for the Orb.
     0 | D:1      | Reached XP level 1. HP: 24/24 MP: 1/1
    39 | D:1      | Reached skill level 3 in Maces & Flails
   322 | D:1      | Reached XP level 2. HP: 32/32 MP: 2/2
   392 | D:1      | Reached skill level 4 in Maces & Flails
   442 | D:1      | Reached XP level 3. HP: 35/39 MP: 3/3
  1599 | D:2      | Found a faded altar of an unknown god.
  1610 | D:2      | Reached XP level 4. HP: 31/48 MP: 4/4
  1615 | D:2      | Reached skill level 5 in Maces & Flails
  2148 | D:2      | Found a blossoming altar of Fedhas.
  2426 | D:3      | Found a deep blue altar of Sif Muna.
  2683 | D:3      | Reached XP level 5. HP: 36/54 MP: 5/5
  2712 | D:3      | Learned a level 1 spell: Corona
  2772 | D:3      | Found a hide-covered altar of Uskayaw.
  2831 | D:3      | Killed from afar by an orc priest

Skill      XL: |  1  2  3  4 |
---------------+-------------+-----
Maces & Flails | 3 4 5 |  5.9
Dodging        | 3 |  3.4
Fighting       | |  4.0
Shields        | |  2.6
Spellcasting   | |  0.2

Action                   |  1- 3 |  4- 6 || total
-------------------------+-------+-------++-------
Melee: Flail             |    21 |       ||    21
       Whip              |   104 |    11 ||   115
       Mace              |       |    97 ||    97
 Cast: Corona            |       |     1 ||     1
  Use: Potion            |       |     3 ||     3
 Stab: Sleeping          |       |     2 ||     2
  Eat: Chunk             |     2 |     4 ||     6
Armor: Robe              |    22 |    32 ||    54
       Skin              |       |     2 ||     2
Dodge: Dodged            |    73 |    50 ||   123
